Map: King's Cove LE

Players

Unknown - Winner!

  • Race: Terran Terran
  • League: Diamond
  • Spawn Location: 5:00

A.I. 2 (Hard)

  • Race: Zerg Zerg
  • Spawn Location: 11:00

VOD

Have the link to the VOD?

Description

My friends 2/1/1 He showed me

Time

  • Played on: Feb. 10, 2019, 12:02 a.m.
  • Length: 7:07
Show
View Real Time Build Order
Export as new Build Order

Unknown Terran - Winner!

Build Orders: Reaper Expand 

Get SALT Encoding   

  12  0:01  SCV  
  13  0:13  SCV  
  14  0:18  Supply Depot  
  14  0:26  SCV  
  15  0:40  Barracks, SCV  
  16  0:45  Refinery  
  16  0:52  SCV  
  17  1:04  SCV  
  18  1:16  SCV  
  19  1:28  Reaper, Orbital Command  
  20  1:48  Command Center  
  19  1:54  SCV  
  20  2:03  Barracks  
  20  2:05  Barracks Reactor  
  20  2:09  SCV  
  21  2:16  Supply Depot  
  21  2:21  SCV  
  22  2:30  Factory  
  22  2:33  SCV  
  22  2:36  Refinery  
  23  2:43  Marine x2  
  25  2:46  SCV  
  26  2:55  Barracks Tech Lab  
  26  2:58  SCV  
  26  3:02  Orbital Command  
  26  3:04  Marine  
  28  3:09  Marine  
  29  3:13  SCV  
  29  3:18  Stimpack  
  29  3:19  Marine  
  31  3:30  SCV x2  
  31  3:31  Marine x2  
  35  3:37  Starport  
  35  3:39  Factory Reactor  
  35  3:42  SCV  
  35  3:43  Marine  
  35  3:46  SCV  
  38  3:52  Supply Depot  
  38  3:56  SCV  
  38  3:57  Marine  
  38  3:58  Supply Depot  
  38  4:00  Marine  
  41  4:04  SCV  
  42  4:11  SCV  
  42  4:14  Marine  
  44  4:20  SCV  
  44  4:22  Marine x2  
  44  4:23  SCV  
  48  4:24  Factory Tech Lab  
  48  4:25  Medivac x2  
  52  4:31  Marine  
  52  4:32  SCV  
  54  4:40  SCV  
  54  4:42  Marine x2  
  54  4:44  Siege Tank, SCV  
  61  4:58  Command Center  
  61  5:02  Supply Depot  
  61  5:03  Supply Depot  
  61  5:10  SCV  
  62  5:21  SCV  
  47  5:56  Supply Depot  
  47  6:09  Marine x3, Medivac  
  47  6:10  Siege Tank  
  55  6:13  Orbital Command  
  55  6:17  Supply Depot  
  55  6:18  Supply Depot  
  55  6:27  Marine x3  
  58  6:33  Orbital Command  
  58  6:37  SCV  
  61  6:45  Marine  
Show
View Real Time Build Order
Export as new Build Order

A.I. 2 (Hard) Zerg 

Build Orders: 1 Base Baneling Bust, Pool Only 

Get SALT Encoding   

  12  0:01  Drone  
  13  0:12  Overlord  
  13  0:18  Drone  
  14  0:30  Drone  
  14  0:32  Drone  
  16  0:44  Spawning Pool  
  16  0:46  Drone  
  16  0:51  Drone  
  16  0:53  Extractor  
  17  0:57  Drone  
  17  1:06  Overlord  
  17  1:31  Zergling x2  
  18  1:33  Queen, Zergling x2  
  18  1:38  Drone  
  22  1:41  Roach Warren  
  22  1:43  Extractor  
  20  1:49  Drone  
  21  1:56  Baneling Nest  
  20  2:01  Drone  
  21  2:10  Drone  
  22  2:21  Zergling x2  
  23  2:32  Drone  
  24  2:40  Zergling x2, Overlord  
  24  2:42  Zergling x2  
  26  2:44  Baneling  
  26  2:45  Drone, Baneling x2  
  27  2:54  Zergling x2  
  28  3:05  Zergling x2  
  29  3:12  Zergling x2, Overlord  
  30  3:14  Zergling x2  
  30  3:17  Zergling x2  
  32  3:20  Baneling  
  32  3:26  Baneling  
  32  3:28  Zergling x2  
  32  3:30  Baneling  
  33  3:38  Zergling x2  
  33  3:40  Evolution Chamber  
  33  3:43  Drone  
  33  3:45  Drone  
  33  3:46  Drone  
  36  3:50  Drone  
  37  4:01  Drone  
  38  4:12  Drone  
  38  4:14  Overlord  
  38  4:15  Drone  
  40  4:35  Lair  
  40  4:37  Evolution Chamber  
  38  4:52  Drone  
  39  5:03  Metabolic Boost  
  38  5:25  Baneling  
  34  5:36  Spire, Drone  
  34  5:42  Drone  
  33  5:44  Drone  
  33  5:45  Drone  
  33  5:47  Drone  
  24  5:53  Drone  
  16  6:01  Drone  
  16  6:02  Drone  
  13  6:04  Drone  
  13  6:05  Drone  
  10  6:24  Drone  
  6  6:38  Drone  
Tags
 
Add a new tag
Caveats
  • Supply blocks, unpowered buildings, or Contaminate may cause inaccurate times.
  • Supply counts are checked every 10 seconds.